Map: Golden Wall LE

Players

MarineLorD - Winner!

  • Race: Terran Terran
  • League: Master
  • Spawn Location: 7:00

Geralt (Gerald)

  • Race: Protoss Protoss
  • League: Grandmaster
  • Spawn Location: 5:00

Event: DreamHack SC2 Masters 2020 Fall

VOD

Have the link to the VOD?

Description

Time

  • Played on: Sept. 11, 2020, 12:45 p.m.
  • Length: 16:52

All games in this series

Show
View Real Time Build Order
Export as new Build Order

MarineLorD Terran - Winner!

Build Orders:  

Get SALT Encoding   

  12  0:00  SCV  
  13  0:12  SCV  
  14  0:17  Supply Depot  
  14  0:24  SCV  
  15  0:38  SCV  
  15  0:40  Barracks  
  16  0:45  Refinery  
  16  0:50  SCV  
  17  1:00  Supply Depot  
  17  1:03  SCV  
  18  1:15  SCV  
  19  1:35  Marine  
  19  1:37  Orbital Command  
  20  1:56  Command Center  
  20  2:03  SCV  
  20  2:05  Barracks Reactor  
  21  2:15  SCV  
  22  2:17  Factory  
  22  2:25  Refinery  
  22  2:27  SCV  
  23  2:39  SCV  
  23  2:42  Marine x2  
  26  2:51  SCV  
  27  3:01  Marine, Widow Mine, Starport  
  27  3:02  Marine  
  31  3:08  SCV, Orbital Command  
  32  3:19  Marine x2  
  33  3:20  SCV  
  33  3:22  Widow Mine  
  33  3:26  Orbital Command  
  37  3:32  SCV  
  38  3:37  Marine x2  
  38  3:38  Supply Depot  
  40  3:44  Medivac  
  40  3:46  Factory Tech Lab  
  40  3:47  SCV  
  43  3:51  SCV  
  44  3:57  Supply Depot  
  44  3:59  SCV  
  44  4:01  Marine x2  
  47  4:03  SCV  
  47  4:07  Barracks  
  48  4:11  SCV  
  48  4:15  SCV  
  50  4:17  Starport Tech Lab  
  50  4:22  Barracks  
  50  4:24  Marine x2  
  50  4:25  SCV  
  50  4:28  SCV  
  53  4:37  SCV  
  54  4:40  SCV, Engineering Bay  
  54  4:44  Widow Mine  
  57  4:49  SCV, Supply Depot  
  57  4:51  Marine x2  
  57  4:52  SCV  
  61  4:59  Supply Depot  
  61  5:01  SCV  
  61  5:02  Stimpack  
  62  5:11  SCV, Marine x3  
  62  5:13  SCV  
  64  5:23  SCV  
  64  5:25  SCV  
  64  5:26  Terran Infantry Weapons Level 1  
  66  5:29  Marine x2  
  66  5:31  Command Center  
  69  5:35  SCV  
  69  5:36  Marine  
  69  5:37  SCV  
  70  5:46  Marine  
  70  5:47  SCV  
  70  5:49  Marine  
  73  5:50  Factory Reactor  
  73  5:51  SCV, Starport Reactor  
  74  6:01  Marine  
  75  6:04  Marine  
  75  6:06  Supply Depot x2, Refinery  
  75  6:08  SCV x2, Supply Depot  
  75  6:09  Supply Depot, Refinery  
  78  6:14  Marauder  
  78  6:17  Marauder  
  74  6:18  Combat Shield  
  74  6:20  SCV  
  74  6:21  SCV  
  75  6:27  Missile Turret  
  75  6:28  Supply Depot  
  75  6:32  SCV  
  76  6:35  Marine x2  
  76  6:36  Marauder  
  76  6:37  Medivac  
  76  6:38  Marauder  
  76  6:39  Medivac  
  86  6:42  SCV, Concussive Shells  
  86  6:44  Orbital Command  
  87  6:47  Widow Mine  
  87  6:48  Widow Mine  
  87  6:49  SCV  
  87  6:54  SCV  
  93  6:55  Missile Turret  
  93  7:01  Marauder, Marine x2  
  93  7:02  Marauder  
  93  7:07  Medivac  
  101  7:13  SCV x2  
  103  7:16  Medivac  
  103  7:17  Widow Mine  
  103  7:18  Widow Mine  
  109  7:24  Marauder x2, Marine x2  
  109  7:25  SCV  
  109  7:26  Terran Infantry Armor Level 1  
  109  7:27  SCV  
  117  7:30  Orbital Command  
  117  7:39  Widow Mine x2  
  117  7:40  SCV x2  
  117  7:42  Marine  
  121  7:52  SCV  
  121  7:53  SCV  
  121  7:56  Bunker, Marine  
  121  7:57  Marine x2  
  127  7:58  SCV  
  127  8:03  Medivac x2  
  127  8:05  SCV  
  132  8:09  Widow Mine  
  132  8:12  Marine  
  132  8:18  SCV  
  132  8:19  Supply Depot  
  133  8:20  Supply Depot  
  133  8:21  Supply Depot  
  133  8:24  Supply Depot  
  133  8:35  Armory  
  133  8:37  Engineering Bay  
  74  8:41  SCV x3, Medivac x2, Marauder, Widow Mine  
  135  8:47  Marauder  
  146  8:48  Marine  
  146  8:53  SCV  
  146  8:54  Marine  
  147  8:58  Barracks x2  
  147  8:59  Barracks  
  147  9:01  Barracks  
  147  9:03  Marauder  
  147  9:06  Marine  
  147  9:08  Marauder  
  150  9:12  Marine  
  150  9:18  SCV  
  145  9:24  Marauder, Marine  
  145  9:30  Marauder, Marine  
  145  9:33  Medivac x2  
  145  9:37  SCV, Refinery  
  145  9:38  Command Center, Refinery  
  146  9:39  Command Center  
  138  9:45  Marauder  
  138  9:46  Marine  
  138  9:48  Marine  
  138  9:51  Marauder  
  142  9:55  Terran Infantry Armor Level 2, Terran Infantry Weapons Level 2  
  142  9:56  Terran Ship Weapons Level 1  
  142  10:00  Supply Depot  
  142  10:01  Supply Depot  
  142  10:03  Liberator x2  
  150  10:07  Marauder  
  150  10:11  Marine  
  150  10:12  Marauder  
  152  10:16  Supply Depot x2, Barracks Tech Lab  
  152  10:17  Barracks Reactor, Barracks Tech Lab x2  
  152  10:19  SCV  
  149  10:32  Marauder  
  149  10:33  Marine x2  
  149  10:34  Marauder  
  155  10:45  Starport  
  155  10:47  Marauder, Marine x2  
  155  10:48  Starport  
  161  10:55  Liberator x2  
  163  11:00  Fusion Core  
  163  11:01  Orbital Command, Ghost Academy  
  161  11:08  Marauder x4, Marine x3  
  168  11:12  Missile Turret  
  168  11:15  Marauder  
  164  11:19  Marine  
  159  11:25  Marine x2  
  159  11:26  Marine  
  159  11:29  Marauder x3, Marine  
  167  11:36  Marine  
  167  11:37  Marine  
  165  11:43  Marine x3  
  161  11:47  Marauder  
  161  11:50  Marauder  
  161  11:51  Marauder x2  
  161  11:53  Viking x3  
  163  11:54  Viking, Marauder  
  163  11:55  Marine  
  163  11:59  Planetary Fortress  
  163  12:00  SCV x2  
  170  12:01  Marine x3  
  175  12:08  Marauder  
  175  12:10  SCV x2  
  181  12:15  Marauder  
  181  12:16  Marauder, Marine x2  
  181  12:19  Marine  
  181  12:21  Marine x2  
  188  12:22  Viking, Marauder  
  188  12:23  Viking x2  
  188  12:24  Viking  
  198  12:30  Marauder  
  198  12:40  Marauder, Marine x4  
  192  12:52  Viking x2  
Show
View Real Time Build Order
Export as new Build Order

Geralt Protoss 

Build Orders: 1 Gate Expand, Phoenix Opening 

Get SALT Encoding   

  12  0:00  Probe  
  13  0:12  Probe  
  14  0:18  Pylon  
  14  0:24  Probe (Chrono Boost)  
  15  0:37  Probe (Chrono Boost)  
  15  0:38  Gateway  
  16  0:43  Probe (Chrono Boost)  
  16  0:48  Assimilator  
  17  0:52  Probe  
  18  1:04  Probe  
  19  1:16  Probe  
  20  1:26  Cybernetics Core  
  20  1:28  Probe  
  21  1:40  Nexus  
  21  1:50  Pylon  
  21  1:52  Probe  
  22  1:55  Assimilator  
  21  2:04  Adept (Chrono Boost)  
  23  2:08  Probe  
  24  2:20  Probe  
  25  2:24  Stargate  
  25  2:31  Adept  
  25  2:32  Probe  
  28  2:42  Warp Gate  
  28  2:45  Probe  
  29  2:52  Shield Battery  
  29  2:55  Probe  
  29  2:57  Probe  
  31  3:01  Adept  
  33  3:07  Probe, Phoenix (Chrono Boost)  
  33  3:09  Probe  
  37  3:22  Gateway  
  37  3:27  Gateway  
  37  3:30  Probe  
  37  3:33  Probe  
  39  3:43  Phoenix (Chrono Boost)  
  41  3:49  Probe  
  41  3:50  Pylon  
  41  3:53  Probe  
  43  3:57  Robotics Facility  
  43  4:02  Pylon  
  43  4:06  Phoenix (Chrono Boost)  
  45  4:12  Probe x2  
  47  4:24  Probe x2  
  49  4:32  Phoenix (Chrono Boost)  
  49  4:37  Assimilator  
  49  4:38  Adept  
  49  4:40  Adept x2  
  49  4:41  Probe, Assimilator  
  54  4:45  Probe  
  55  4:53  Probe, Phoenix (Chrono Boost)  
  55  4:58  Probe  
  59  5:02  Pylon  
  59  5:12  Phoenix  
  61  5:17  Probe  
  59  5:23  Stalker x3  
  65  5:42  Probe x2  
  67  5:54  Probe  
  68  6:17  Probe  
  68  6:18  Probe  
  68  6:20  Robotics Bay  
  68  6:22  Pylon  
  68  6:25  Twilight Council  
  68  6:26  Pylon, Gateway x2  
  68  6:30  Probe x2, Gateway  
  68  6:32  Forge  
  70  6:38  Pylon  
  70  6:40  Phoenix (Chrono Boost)  
  70  6:46  Probe  
  73  6:50  Nexus  
  73  6:58  Charge  
  73  7:02  Probe  
  73  7:03  Disruptor (Chrono Boost)  
  73  7:06  Probe  
  78  7:17  Probe  
  78  7:19  Zealot x3  
  85  7:33  Probe  
  85  7:36  Pylon, Zealot x2  
  93  7:40  Pylon  
  93  7:43  Pylon  
  90  7:44  Colossus (Chrono Boost)  
  90  7:46  Extended Thermal Lance (Chrono Boost)  
  90  7:48  Probe x2  
  90  8:00  Probe x2  
  90  8:03  Zealot x3  
  92  8:14  Zealot x2  
  96  8:20  Gateway  
  96  8:22  Gateway  
  94  8:31  Zealot x2  
  98  8:35  Blink, Colossus (Chrono Boost)  
  104  8:42  Probe x2  
  104  8:46  Templar Archives  
  106  8:54  Probe  
  107  9:04  Zealot x6  
  105  9:18  Colossus  
  105  9:21  Probe  
  89  9:26  Zealot x2  
  89  9:27  Zealot x3  
  86  9:41  Void Ray (Chrono Boost)  
  76  9:51  Stalker x2  
  76  9:52  Probe, Stalker  
  87  10:03  Psionic Storm  
  83  10:08  Zealot x2  
  83  10:10  Probe  
  83  10:12  Probe  
  83  10:13  Observer (Chrono Boost)  
  79  10:28  Probe x2  
  80  10:37  Disruptor  
  82  10:53  Probe  
  83  11:02  High Templar x2  
  87  11:05  Probe x3  
  89  11:18  Zealot  
  89  11:19  Zealot x5  
  65  11:52  Zealot x6  
  74  12:08  Zealot  
  76  12:11  Warp Prism (Chrono Boost)  
  78  12:21  Zealot  
  78  12:30  Zealot  
  78  12:34  Zealot  

Tags
 
Add a new tag
Caveats
  • Supply blocks, unpowered buildings, or Contaminate may cause inaccurate times.
  • Supply counts are checked every 10 seconds.